 Dungeon Crawl Stone Soup version 0.23.2-33-g5129a83184 (webtiles) character file.

Game seed: 6505576165027771163

50 DungeonDestroyer the Grave Robber (level 3, 0/24 HPs)
             Began as a Demonspawn Necromancer on July 19, 2019.
             Succumbed to an adder's poison
             ... on level 2 of the Dungeon.
             The game lasted 00:05:53 (1207 turns).

DungeonDestroyer the Grave Robber (DsNe)            Turns: 1207, Time: 00:05:54

Health: 0/24       AC:  2    Str:  8    XL:     3   Next: 55%
Magic:  1/6        EV: 12    Int: 17    God:
Gold:   41         SH:  0    Dex: 13    Spells: 5/7 levels left

rFire    . . .     SeeInvis .   d - +0 dagger
rCold    . . .     Gourm    .   (no shield)
rNeg     . . .     Faith    .   a - +0 robe
rPois    .         Spirit   .   (helmet restricted)
rElec    .         Reflect  .   (no cloak)
rCorr    .         Harm     .   (no gloves)
MR       .....                  (no boots)
Stlth    ++........             (no amulet)
HPRegen  0.08/turn              (no ring)
MPRegen  0.10/turn              (no ring)

@: lethally poisoned (0 -> -8)
A: horns 1
a: no special abilities


You were on level 2 of the Dungeon.
You were not hungry.

You visited 1 branch of the dungeon, and saw 2 of its levels.

You collected 41 gold pieces.

Inventory:

Hand Weapons
 d - a +0 dagger (weapon)
Armour
 a - a +0 robe (worn)
Scrolls
 e - a scroll of amnesia
Comestibles
 c - 3 rations
 f - 4 chunks of flesh


   Skills:
 + Level 1.9 Dodging
 + Level 1.7 Stealth
 * Level 2.5 Spellcasting
 * Level 5.4 Necromancy


You had 5 spell levels left.
You knew the following spells:

 Your Spells              Type           Power        Failure   Level  Hunger
a - Pain                  Necr           ###.         1%          1    #......
b - Animate Skeleton      Necr           N/A          1%          1    #......

Your spell library contained the following spells:

 Spells                   Type           Power        Failure   Level  Hunger
 Vampiric Draining        Necr           ###.......   6%          3    ###....
 Regeneration             Chrm/Necr      ##........   19%         3    ###....
 Animate Dead             Necr           N/A          21%         4    #####..


Dungeon Overview and Level Annotations

Branches:
Dungeon (2/15)

Altars:


Innate Abilities, Weirdness & Mutations

You have a pair of small horns on your head.


Message History

You closely miss the adder. Your headbutt misses the adder.
The adder is almost dead.
The adder barely misses you.
Casting: Pain (safe; 2% risk of failure)
Confirm with . or Enter, or press ? or * to list all spells.
Aiming: Pain (safe; 2% risk of failure)
Press: ? - help, Shift-Dir - straight line, f/p - adder
Aim: an adder (almost dead, chance to defeat MR: 84%)
The adder writhes in agony.
You kill the adder!
* * * LOW HITPOINT WARNING * * *
You feel sick.
Casting: Pain (safe; 1% risk of failure)
Confirm with . or Enter, or press ? or * to list all spells.
Aiming: Pain (safe; 1% risk of failure)
Press: ? - help, Shift-Dir - straight line, f - rat
Aim: a rat (chance to defeat MR: 90%)
The rat writhes in agony!
You kill the rat!
You die...

#<###.###### #..##
##...# ....# ##..#
#.##..# ##.#.# #
#.#.###.##.#
......#...).####.
...
#..............
#.###...........#.
#..#.#@#.#.######
.#.#.>#†#.#.#
........#.#.##
.#...........#
#...........#
...?...)..#..#
#####..##.#..# #..
.# .# ... .. .


There were no monsters in sight!

Vanquished Creatures
  2 adders (D:2)
  2 leopard geckos (D:1)
  3 giant cockroaches
  2 goblins
  A hobgoblin (D:1)
  6 kobolds
  3 bats (D:1)
  A frilled lizard (D:1)
  9 rats
29 creatures vanquished.

Vanquished Creatures (collateral kills)
  A kobold (D:1)
1 creature vanquished.

Grand Total: 30 creatures vanquished

Notes
Turn   | Place    | Note
-------+----------+-------------------------------------------
     0 | D:1      | DungeonDestroyer the Demonspawn Necromancer began the quest
                  | for the Orb.
     0 | D:1      | Reached XP level 1. HP: 13/13 MP: 3/3
   268 | D:1      | Gained mutation: You have a pair of small horns on your
                  | head. [demonic ancestry]
   268 | D:1      | Reached XP level 2. HP: 18/19 MP: 1/5
   356 | D:1      | Learned a level 1 spell: Animate Skeleton
   560 | D:1      | Reached skill level 5 in Necromancy
  1121 | D:2      | Reached XP level 3. HP: 22/24 MP: 2/6
  1207 | D:2      | Succumbed to an adder's poison

Skill      XL: |  1  2 |
---------------+-------+-----
Necromancy     | 5 |  5.4
Dodging        | |  1.9
Stealth        | |  1.7
Spellcasting   | |  2.5

Action                   || total
-------------------------++-------
Melee: Dagger            ||    34
       Headbutt          ||     4
 Cast: Pain              ||    38
       Animate Skeleton  ||     4
  Use: Scroll            ||     4
       Potion            ||     1
  Eat: Chunk             ||     1
Armor: Robe              ||     6
Dodge: Dodged            ||    27
